 Dungeon Crawl Stone Soup version 0.31.0-11-ge490571c62 (webtiles) character file.

Game seed: 11656128825060852787

65 firemarshallily the Trooper (level 4, -2/33 HPs)
             Began as an Octopode Berserker on Feb 9, 2024.
             Was a Believer of Trog.
             Slain by an orc wizard
             ... wielding a +0 dagger
              (3 damage)
             ... on level 2 of the Dungeon.
             The game lasted 00:02:36 (1026 turns).

firemarshallily the Trooper (Octopode Berserker)    Turns: 1026, Time: 00:02:36

Health: -2/33      AC:  1    Str: 18    XL:     4   Next: 14%
Magic:  4/4        EV: 13    Int:  9    God:    Trog [**....]
Gold:   36         SH:  0    Dex: 11    Spells: 3/3 levels left

rFire   + . .        a - +0 hand axe
rCold   . . .        (no shield)
rNeg    . . .        (helmet restricted)
rPois   .            (no amulet)
rElec   .            d - ring of protection from fire
rCorr   .            (no ring)
SInv    .            (no ring)
Will    .....        (no ring)
Stlth   ++           (no ring)
HPRegen 0.25/turn    (no ring)
MPRegen 0.09/turn    (no ring)
                     (no ring)

%: no passive effects
@: mighty
A: almost no armour, amphibious, 8 rings, camouflage 1, gelatinous body 1,
(nimble swimmer 1), tentacles
a: Renounce Religion, Berserk, Trog's Hand


You were on level 2 of the Dungeon.
You worshipped Trog.
Trog was pleased with you.
You visited 1 branch of the dungeon, and saw 2 of its levels.

You collected 36 gold pieces.

Inventory:

Hand Weapons
 a - a +0 hand axe (weapon)
Missiles
 b - 7 stones (quivered)
Jewellery
 d - a ring of protection from fire (left tentacle)
Scrolls
 e - a scroll of identify {unknown}
 f - a scroll of poison {unknown}
 h - a scroll of brand weapon {unknown}
Potions
 g - a potion of lignification {unknown}


   Skills:
 * Level 4.0 Fighting
 + Level 3.5 Axes
 + Level 3.5 Dodging


You had 3 spell levels left.
You didn't know any spells.
Your spell library was empty.

Dungeon Overview and Level Annotations

Branches:
Dungeon (2/15)

Altars:

Shops:
D:2 =


Innate Abilities, Weirdness & Mutations

You cannot wear most types of armour.
You are amphibious.
You can wear up to eight rings at the same time.
Your skin changes colour to match your surroundings (Stealth+).
Your rubbery body absorbs attacks. (AC +1, EV +1)
((You are camouflaged when in or above water. (Stealth+)))
You have tentacles for arms and can constrict up to eight enemies at once.


Message History

You kill the orc!
Trog accepts your kill.
You hit the orc. You closely miss something. The orc misses you.
Something hits you.
Unknown command.
You hit the orc but do no damage. You grab the orc.
You squeeze the orc, but do no damage.
The orc is heavily wounded.
You closely miss something. You hit the orc but do no damage.
You constrict the orc. The orc barely misses you. Something hits you.
The orc barely misses you.
Unknown command.
You hit the orc but do no damage. Your grab misses the orc.
You squeeze the orc.
The orc is severely wounded.
You hit the orc but do no damage. You closely miss something.
You constrict the orc.
You kill the orc!
Trog accepts your kill. The orc misses you. Something hits you.
You slash the orc!
You kill the orc!
Trog accepts your kill.
You hit something. Something hits you.
* * * LOW HITPOINT WARNING * * *
Unknown command.
You closely miss something. Something completely misses you.
You miss something. Something hits you.
* * * LOW HITPOINT WARNING * * *
You miss something. Your squeeze misses something. Something barely misses you.
You closely miss something.
You hear some strange, mumbled words.
A puff of flame appears from out of thin air!
The puff of flame hits you. You resist.
* * * LOW HITPOINT WARNING * * *
Something completely misses you.
It was a potion of might.
You feel very mighty all of a sudden. Something hits you.
You die...

.........#..#........
#.###...#..#...[....
#..........#....)...
###'#...##.##....##.
##.######..........
#...##########...##
#8.8#..............
#.(.##########.....
##@## #........#.##
#..){)..####.......#.
...'.......#
##......#.
...#.......#
#..<...#. ##
#.......'. #.....##.
#...[...#.! ########.
############ ##


There were no monsters in sight!

Vanquished Creatures
  3 adders (D:2)
  A dart slug (D:1)
  3 orcs (D:2)
  A giant cockroach (D:1)
  4 jackals (D:2)
  3 kobolds (D:1)
  3 quokkas
  4 ball pythons (D:1)
  4 bats
  3 frilled lizards
  4 goblins
33 creatures vanquished.

Notes
Turn   | Place    | Note
-------+----------+-------------------------------------------
     0 | D:1      | firemarshallily the Octopode Berserker began the quest for
                  | the Orb.
     0 | D:1      | Reached XP level 1. HP: 16/16 MP: 1/1
   221 | D:1      | Reached XP level 2. HP: 19/21 MP: 2/2
   758 | D:2      | Found Lotzohum's Jewellery Emporium.
   801 | D:2      | Reached XP level 3. HP: 22/27 MP: 3/3
   808 | D:2      | Reached ** piety under Trog
   900 | D:2      | Reached XP level 4. HP: 30/33 MP: 4/4
   954 | D:2      | Reached skill level 4 in Fighting
  1013 | D:2      | Found the +1 Delatra's gloves {ID++}
  1025 | D:2      | HP: 1/33 [something/puff of flame (4)]
  1026 | D:2      | Slain by an orc wizard

Illustrated notes

Levels and vault maps discovered:
D:1:      ncdulo_smallfort, layout_basic, minmay_fountain_box
D:2:      layout_basic, serial_shops, shop, chequers_serial_rivers_micro_d,
          pf_guarded_unrand_delatra

Skill      XL: |  1  2  3  4 |
---------------+-------------+-----
Fighting       | 4 |  4.0
Axes           | |  3.5
Dodging        | |  3.5

Action                     |  1- 3 |  4- 6 || total
---------------------------+-------+-------++-------
  Melee: Hand axe          |    50 |    13 ||    63
         Constrict         |    11 |     3 ||    14
         Tentacles         |     8 |     2 ||    10
  Throw: Stone             |     4 |       ||     4
    Use: Potion            |       |     1 ||     1
   Stab: Sleeping          |     3 |       ||     3
 Armour: Skin              |    25 |    13 ||    38
  Dodge: Dodged            |    54 |     9 ||    63
